 Dungeon Crawl Stone Soup version 0.20.1-1-g8b1a95d (webtiles) character file.

352 manon the Chopper (level 6, -10/48 HPs)
             Began as a Demonspawn Chaos Knight on Sept 13, 2017.
             Mangled by Purgy the harpy (shapeshifter) (14 damage)
             ... in a sewer.
             The game lasted 00:15:26 (2515 turns).

manon the Chopper (Demonspawn Chaos Knight)         Turns: 2515, Time: 00:15:27

Health: -10/48     AC:  5    Str: 14    XL:     6   Next: 34%
Magic:  0/7        EV:  9    Int: 14    God:    Xom [*.....]
Gold:   228        SH:  0    Dex: 12    Spells: 5/5 levels left

rFire    . . .     SeeInvis .   a - +0 hand axe (chaos)
rCold    . . .     Gourm    .   (no shield)
rNeg     . . .     Faith    .   d - +0 scale mail
rPois    .         Spirit   +   (helmet restricted)
rElec    .         Reflect  .   (no cloak)
rCorr    .         Harm     .   (no gloves)
MR       .....                  (no boots)
Stlth    ..........             (no amulet)
Regen    0.2/turn               (no ring)
MPRegen  0.1/turn               (no ring)

@: confused, very slow
A: beak, thin metallic scales 1, deformed body, magic shield, rot immunity
a: Renounce Religion


You were in a sewer.
You worshipped Xom.
You were a special plaything of Xom.
You were not hungry.

You visited 1 branch of the dungeon, and saw 4 of its levels.
You also visited: Sewer.

You collected 228 gold pieces.

Inventory:

Hand Weapons
 a - a +0 hand axe of chaos (weapon)
 s - a +4 mace of protection
 y - a +2 flail of protection
Missiles
 k - 25 arrows
 m - 6 poisoned needles
 v - 48 bolts
Armour
 b - a +2 leather armour
 d - a +0 scale mail (worn)
 r - a +0 shield
 w - a +0 chain mail
Wands
 p - a wand of paralysis (0/24)
 B - a wand of acid (7/15)
Scrolls
 e - a scroll of identify
 h - a scroll of enchant armour
 i - a scroll of remove curse
 j - a scroll of random uselessness
 n - a scroll of enchant weapon
 t - a scroll of teleportation
 x - a scroll of fear {unknown}
Potions
 f - a potion of curing {unknown}
 g - 3 potions of heal wounds
 l - 4 potions of flight
 q - 2 potions of agility {unknown}
 z - a potion of might {unknown}
 A - a potion of ambrosia {unknown}
 D - a potion of invisibility {unknown}
Comestibles
 c - 3 bread rations
 o - 2 meat rations
 u - a royal jelly


   Skills:
 + Level 4.2 Fighting
 * Level 4.8 Axes
 + Level 3.1 Armour
 - Level 0.8 Dodging
 + Level 1.9 Evocations


You had 5 spell levels left.
You didn't know any spells.

Dungeon Overview and Level Annotations

Branches:
Dungeon (4/15)             Temple (0/1) D:4

Altars:
Nemelex Xobeh
Sif Muna

Annotations:
Sewer Purgy


Innate Abilities, Weirdness & Mutations

You are partially covered in thin metallic scales. (AC +2)
When hurt, damage is shared between your health and your magic reserves.
You are immune to rotting.
You have a beak for a mouth.
Armour fits poorly on your strangely shaped body.


Message History

You are more confused.
Your crimson imp hits Purgy.
Purgy blinks at you.
You are more confused.
Your crimson imp blinks!
Purgy turns its gaze towards you.
Purgy the golden eye changes into a harpy!
Purgy barely misses you. Purgy claws you!
Your crimson imp hits Purgy.
Purgy screeches!
Purgy barely misses you. Purgy claws you.
Your crimson imp hits Purgy.
Purgy screeches!
Purgy claws you! x2; Purgy claws you. Purgy claws you but does no damage.
Purgy screeches!
Purgy claws you!
* * * LOW HITPOINT WARNING * * *
Purgy claws you.
* * * LOW HITPOINT WARNING * * *
Purgy claws you!
You die...
Xom thinks this is hilarious!

############ #.##.##.##∩#
#.##.##.##.#
#'##'##)##.##+##+##+#
###...................####
≈≈#≈≈≈≈≈≈≈≈≈.≈≈≈≈≈≈≈≈≈#≈≈≈
≈≈#≈≈≈≈≈≈≈≈≈∩≈≈≈≈≈≈≈≈≈#≈≈≈
≈≈#≈≈≈≈≈≈≈≈≈.≈≈≈@5≈≈≈≈#≈≈≈
###..............H....##
#'##'##'##†##'##'##+#
#.##.##.##.##.##.#
#.##.##.##.##.##.#
##################


You could see Purgy the harpy shaped shifter and a friendly crimson imp.

Vanquished Creatures
  A howler monkey (D:4)
  A bullfrog skeleton (D:4)
  A hound (D:4)
  2 orc priests (D:4)
  An iguana (D:4)
  5 adders
  A river rat (D:3)
  An ooze (D:1)
  3 worms
  4 dart slugs
  4 leopard geckos
  3 orcs
  A ball python (D:2)
  7 bats
  4 giant cockroaches
  A giant cockroach (shapeshifter) (D:3)
  4 goblins
  5 hobgoblins
  4 jackals (D:2)
  9 kobolds
  A quokka (D:3)
  8 frilled lizards
  7 rats
78 creatures vanquished.

Vanquished Creatures (collateral kills)
  A centaur skeleton (D:4)
  An orc (D:4)
2 creatures vanquished.

Grand Total: 80 creatures vanquished

Notes
Turn   | Place    | Note
-------+----------+-------------------------------------------
     0 | D:1      | manon the Demonspawn Chaos Knight began the quest for the Orb.
     0 | D:1      | Reached XP level 1. HP: 18/18 MP: 1/1
    70 | D:1      | Gained mutation: You are partially covered in thin metallic scales. (AC +2) [demonic ancestry]
    70 | D:1      | Reached XP level 2. HP: 23/24 MP: 2/2
    88 | D:1      | XOM: harmless Hex miscast
   612 | D:2      | Gained mutation: You are immune to rotting. [demonic ancestry]
   612 | D:2      | Reached XP level 3. HP: 29/29 MP: 3/3
   681 | D:2      | XOM: silly message
   871 | D:2      | Found a deep blue altar of Sif Muna.
   885 | D:2      | XOM: 1-stop teleportation journey
   913 | D:2      | XOM: mild Hex miscast
   938 | D:2      | Reached XP level 4. HP: 35/35 MP: 4/4
  1104 | D:2      | XOM: cloud trail
  1228 | D:3      | XOM: swap monsters
  1335 | D:3      | Found a sparkling altar of Nemelex Xobeh.
  1452 | D:3      | XOM: mild Necr miscast
  1649 | D:3      | Gained mutation: Armour fits poorly on your strangely shaped body. [mutagenic meat]
  1650 | D:3      | Gained mutation: You have a beak for a mouth. [mutagenic meat]
  1770 | D:4      | Reached XP level 5. HP: 20/42 MP: 5/5
  1892 | D:4      | XOM: mild Pois miscast
  1901 | D:4      | Reached skill level 1 in Evocations
  1945 | D:4      | Found a staircase to the Ecumenical Temple.
  2079 | D:4      | XOM: cast spell 'Shadow Creatures'
  2081 | D:4      | Gained mutation: When hurt, damage is shared between your health and your magic reserves. [demonic ancestry]
  2081 | D:4      | Reached XP level 6. HP: 34/48 MP: 5/7
  2225 | D:4      | XOM: smoke on damage
  2242 | D:4      | Found a glowing drain.
  2252 | Sewer    | Entered a sewer
  2491 | Sewer    | Noticed Purgy
  2492 | Sewer    | Noticed Purgy
  2492 | Sewer    | Purgy changed into Purgy the golden eye
  2492 | Sewer    | XOM: polymorph Purgy -> Purgy the golden eye
  2505 | Sewer    | XOM: summons friendly crimson imp
  2511 | Sewer    | Noticed Purgy
  2511 | Sewer    | Purgy the golden eye changed into Purgy the harpy
  2515 | Sewer    | Mangled by Purgy the harpy (shapeshifter)

Skill      XL: |  1  2  3  4  5 |
---------------+----------------+-----
Axes           | 3 4 |  4.8
Armour         | 2 3 |  3.1
Evocations     | 1 |  1.9
Fighting       | 4 |  4.2
Dodging        | |  0.8

Action                   |  1- 3 |  4- 6 || total
-------------------------+-------+-------++-------
Melee: Hand axe          |    88 |   159 ||   247
       Peck              |       |    11 ||    11
Evoke: Wand              |       |     3 ||     3
  Use: Scroll            |       |     7 ||     7
       Potion            |       |     1 ||     1
 Stab: Petrifying        |     1 |       ||     1
       Paralysed         |     1 |     7 ||     8
       Confused          |       |     1 ||     1
  Eat: Chunk             |       |     7 ||     7
Armor: Scale mail        |    55 |    51 ||   106
       Leather armour    |     2 |       ||     2
Dodge: Dodged            |    39 |    58 ||    97
